 Dungeon Crawl Stone Soup version 0.28-a0-1638-g9123634e07 (webtiles) character file.

Game seed: 8633883608082593400

553 hashsling the Skirmisher (level 7, -14/64 HPs)
             Began as a Purple Draconian Conjurer on Jan 25, 2022.
             Demolished by an ogre (21 damage)
             ... on level 4 of the Dungeon.
             The game lasted 00:10:33 (4798 turns).

hashsling the Skirmisher (DrCj)                     Turns: 4798, Time: 00:10:34

Health: -14/64     AC:  7    Str: 10    XL:     7   Next: 8%
Magic:  9/10       EV: 12    Int: 20    God:
Gold:   190        SH:  0    Dex:  9    Spells: 0/10 levels left

rFire   . . .      SeeInvis .   o - +2 flail (vorpal)
rCold   . . .      Faith    .   (no shield)
rNeg    . . .      Spirit   .   (armour unavailable)
rPois   .          Reflect  .   (helmet restricted)
rElec   .          Harm     .   (no cloak)
rCorr   +          Rampage  .   q - +0 pair of gloves
Will    +....                   (no boots)
Stlth   ++........              (no amulet)
HPRegen 0.20/turn               k - ring of resist corrosion
MPRegen 0.12/turn               (no ring)

@: no status effects
A: breathe power, AC +6, unfitting armour, cold-blooded
a: Breathe Dispelling Energy


You were on level 4 of the Dungeon.
You visited 1 branch of the dungeon, and saw 5 of its levels.

You collected 190 gold pieces.

Inventory:

Hand Weapons
 o - a +2 vorpal flail (weapon)
Armour
 q - a +0 pair of gloves (worn)
Jewellery
 k - a ring of resist corrosion (left hand)
Scrolls
 b - a scroll of identify
 c - a scroll of teleportation {unknown}
 e - a scroll of fear {unknown}
 h - a scroll of blinking {unknown}
 p - a scroll of immolation {unknown}
Potions
 a - a potion of cancellation {unknown}
 d - a potion of ambrosia {unknown}
 f - 2 potions of lignification {unknown}
 g - a potion of mutation {unknown}
 i - 3 potions of brilliance
 j - 2 potions of heal wounds {unknown}
 l - a potion of invisibility {unknown}
 m - a potion of haste {unknown}


   Skills:
 + Level 6.5 Fighting
 + Level 4.2 Dodging
 - Level 2.0 Stealth
 + Level 2.4 Spellcasting
 + Level 4.0 Conjurations
 + Level 0.0 Hexes


You couldn't memorise any spells.
You knew the following spells:

 Your Spells              Type           Power      Damage    Failure   Level
a - Magic Dart            Conj           72%        1d6       3%          1
b - Searing Ray           Conj           36%        2d5       4%          2
c - Dazzling Flash        Conj/Hex       20%        N/A       21%         3
d - Fulminant Prism       Conj/Hex       5%         3d7       54%         4

Your spell library contained the following spells:

 Spells                   Type           Power      Damage    Failure   Level
 Animate Skeleton         Necr           4%         N/A       16%         1
 Pain                     Necr           8%         1d4       16%         1
 Ensorcelled Hibernation  Hex/Ice        4%         N/A       22%         2
 Passwall                 Tmut/Erth      1%         N/A       22%         2
 Frozen Ramparts          Ice            4%         1d2       41%         3
 Portal Projectile        Hex/Tloc       4%         N/A       41%         3
 Swiftness                Air            2%         N/A       41%         3
 Vampiric Draining        Necr           2%         2d6       41%         3
 Iskenderun's Mystic Bla  Conj/Tloc      10%        2d4       54%         4
 Ice Form                 Ice/Tmut       2%         N/A       83%         4
 Summon Ice Beast         Ice/Summ       2%         N/A       83%         4
 Alistair's Intoxication  Tmut/Pois      1%         N/A       99%         5
 Storm Form               Tmut/Air       1%         N/A       100%        7


Dungeon Overview and Level Annotations

Branches:
Dungeon (5/15)
 Temple: D:4-7

Altars:

Annotations:
D:4 3 runed translucent doors, dracfodder's ghost, amateur HuCj


Innate Abilities, Weirdness & Mutations

You can breathe bolts of dispelling energy.
Your rich purple scales are hard. (AC +6)
You cannot fit into any form of body armour.
You are cold-blooded and may be slowed by cold attacks.


Message History

Press: ? - help, Dir - look around, f - activate The ogre barely misses you.
Casting: Dazzling Flash (dangerous; 21% risk of failure)
Confirm with . or Enter, or press ? or * to list all spells.
Casting: Dazzling Flash (dangerous; 21% risk of failure)
Press: ? - help, Dir - look around, f - activate The ogre is dazzled.
The ogre hits you with a +0 giant club.
You hit the ogre.
The ogre is lightly wounded.
The ogre closely misses you.
You hit the ogre but do no damage.
The ogre is lightly wounded.
The ogre barely misses you.
You sock the ogre!
The ogre is heavily wounded.
The ogre is no longer blind.
The ogre hits you with a +0 giant club!
Aiming: Polymorph
Press: ? - help, Shift-Dir - straight line, f - ogre
Aim: an ogre, wielding a +0 giant club (heavily wounded, will become a sky beast, an orc, or a warg, chance to affect: 49%)
The ogre resists with some effort.
The now-empty wand crumbles to dust.
The ogre hits you with a +0 giant club!
Unknown command.
You see here an adder skeleton.
You see here a scorpion corpse.
The ogre hits you with a +0 giant club! The ogre barely misses you.
You see here an adder skeleton.
There is a stone staircase leading up, spattered with blood here.
The ogre hits you with a +0 giant club!
* * * LOW HITPOINT WARNING * * *
You climb upwards.
Level annotation: 3 runed translucent doors, dracfodder's ghost, amateur HuCj
There is a stone staircase leading down here.
There is a stone staircase leading up here.
You see here a +0 hunting sling.
The ogre hits you with a +0 giant club!
* * * LOW HITPOINT WARNING * * *
There is a stone staircase leading down here.
The ogre hits you with a +0 giant club!!
You die...

.# ####......#.......# .#
#...[.....#.....#.#
.######.#########...†.#.##
.'....#.# #...>....#
.####.#.# #########.#.####
.####.#.###...##.##.#.#
.........##.#.......#.#
.........##......######
................@##
.......##.#.#...O.#
.........>#.#.#..##
...#.).#.........#
##....##......#..#
#....##.##.#.#..#
##.##.##.#.......####
...##.##............#
#####.##.#.#..#######


You could see an ogre.

Vanquished Creatures
  Sigmund (D:3)
  A scorpion (D:5)
  A howler monkey (D:5)
  Jessica (D:3)
  An orc wizard (D:3)
  Ijyb (D:3)
  Natasha (thrice) (D:3)
  Robin (D:2)
  6 adders
  An adder skeleton (D:4)
  A worm (D:2)
  2 dart slugs
  9 orcs
  An endoplasm (D:4)
  5 giant cockroaches
  14 goblins
  6 hobgoblins
  2 kobolds
  4 quokkas
  4 ball pythons
  8 bats
  2 frilled lizards
  6 rats
81 creatures vanquished.

Notes
Turn   | Place    | Note
-------+----------+-------------------------------------------
     0 | D:1      | hashsling the Draconian Conjurer began the quest for the
                  | Orb.
     0 | D:1      | Reached XP level 1. HP: 14/14 MP: 3/3
   252 | D:1      | Reached skill level 1 in Fighting
   320 | D:1      | Reached XP level 2. HP: 23/23 MP: 1/5
   332 | D:1      | Learned a level 2 spell: Searing Ray
   970 | D:2      | Reached skill level 2 in Fighting
  1171 | D:2      | Reached XP level 3. HP: 25/29 MP: 3/6
  1470 | D:2      | Noticed Robin
  1486 | D:2      | Killed Robin
  1830 | D:2      | Reached skill level 3 in Fighting
  2248 | D:3      | Noticed Jessica
  2265 | D:3      | Reached XP level 4. HP: 31/38 MP: 1/7
  2268 | D:3      | Killed Jessica
  2408 | D:3      | Noticed Sigmund
  2429 | D:3      | HP: 1/39 [something (7)]
  2431 | D:3      | Killed Sigmund
  2432 | D:3      | Reached skill level 5 in Fighting
  2432 | D:3      | Reached XP level 5. HP: 2/48 MP: 4/8
  2889 | D:3      | Noticed Ijyb
  2892 | D:3      | Noticed Natasha
  2899 | D:3      | Killed Natasha
  2900 | D:3      | Reached XP level 6. HP: 56/56 MP: 1/9
  2922 | D:3      | Killed Ijyb
  3347 | D:3      | Noticed Natasha
  3351 | D:3      | Killed Natasha
  3540 | D:3      | Noticed Natasha
  3543 | D:3      | Killed Natasha
  3858 | D:4      | Reached skill level 6 in Fighting
  3954 | D:4      | Found a runed translucent gate.
  3954 | D:4      | Found a runed translucent gate.
  3957 | D:4      | Found a runed translucent gate.
  4092 | D:4      | Noticed dracfodder's ghost (amateur HuCj)
  4420 | D:4      | Got the Almanac of Enthralling Changing
  4477 | D:5      | Entered Level 5 of the Dungeon
  4610 | D:5      | Your scales start taking on a rich purple colour.
  4610 | D:5      | Reached XP level 7. HP: 47/64 MP: 1/10
  4685 | D:4      | Learned a level 3 spell: Dazzling Flash
  4690 | D:4      | Learned a level 4 spell: Fulminant Prism
  4798 | D:4      | Demolished by an ogre

Illustrated notes

Levels and vault maps discovered:
D:1:      minmay_arrival_nine_rooms, layout_loops_ring, minmay_pentomino_v2
D:2:      layout_loops_cross, minmay_door_square, uniq_robin
D:3:      layout_basic, minivault_19, uniq_sigmund, uniq_ijyb, uniq_natasha,
          uniq_jessica
D:4:      layout_basic, gammafunk_ghost_split
D:5:      layout_cave_pods, tgw_sif, serial_shops, nicolae_shop_stone

Skill      XL: |  1  2  3  4  5  6 |
---------------+-------------------+-----
Fighting       | 1 2 3 5 6 |  6.5
Stealth        | 2 |  2.0
Dodging        | 2 3 4 |  4.2
Spellcasting   | |  2.4
Conjurations   | |  4.0

Action                   |  1- 3 |  4- 6 |  7- 9 || total
-------------------------+-------+-------+-------++-------
Melee: Hand axe          |    10 |       |       ||    10
       Tailslap          |     3 |     6 |       ||     9
       Mace              |    42 |    59 |       ||   101
       Punch             |     2 |     1 |       ||     3
       Flail             |       |    31 |     3 ||    34
 Cast: Magic Dart        |    46 |    80 |       ||   126
       Searing Ray       |     2 |     4 |       ||     6
       Dazzling Flash    |       |       |     3 ||     3
Evoke: Wand              |       |       |     1 ||     1
  Use: Scroll            |       |     1 |       ||     1
Armor: Skin              |    17 |    47 |       ||    64
Dodge: Dodged            |    41 |    44 |     6 ||    91

Table legend: (Time is in decaauts)
 A = Elapsed time spent in this place.
 B = Non-inter-level travel time spent in this place.
 C = Inter-level travel time spent in this place.
 D = Time resting spent in this place.
 E = Time spent auto-exploring this place.
 F = Levels seen in this place.
 G = Mean time per level.
                   A        B        C        D        E       F      G
               +--------+--------+--------+--------+--------+-----+--------+
         Total |   4853 |   4758 |     95 |     61 |   3996 |   5 |  970.6 |
       Dungeon |   4853 |   4758 |     95 |     61 |   3996 |   5 |  970.6 |
               +--------+--------+--------+--------+--------+-----+--------+

Top non-repeatable levels by time:
     D:3: 1513 daAuts
     D:2: 1357 daAuts
     D:4: 954 daAuts
     D:1: 844 daAuts
     D:5: 183 daAuts
